TOP OF THE 1ST |
Mississippi State University Bulldogs batting - Pitching for Florida State University Seminoles : RHP Mark Sowders
|
Pitching: RHP Barrett Bishop
|
|
Batting: SHB Toshinori Shimabukuro
|
0-0: Ball 1-0: Ball 2-0: Fly out, F9 (Line Drive, 9, EV 104.4 MPH)
|
Batting: RHB Cody Ammann
|
0-0: Swinging Strike 0-1: Swinging Strike 0-2: Strikes out looking
|
Batting: RHB Benito Gonzales
|
0-0: SINGLE (Groundball, 6MD, EV 110.0 MPH)
|
Batting: SHB Jim Rutherford
|
0-0: Ball Benito Gonzales is caught stealing 2nd base 2-6
|
Top of the 1st over - 0 runs, 1 hit, 0 errors, 0 left on base; Mississippi State University 0 - Florida State University 0 |
BOTTOM OF THE 1ST |
Florida State University Seminoles batting - Pitching for Mississippi State University Bulldogs : LHP Jon Hoffman
|
Pitching: LHP Jon Hoffman
|
|
Batting: RHB Tyan-yu Chen
|
0-0: Ball 1-0: Called Strike 1-1: Ball 2-1: Ball 3-1: Swinging Strike 3-2: Strikes out swinging
|
Batting: RHB Shu-yaan Louis
|
0-0: Ball 1-0: Ball 2-0: Foul Ball, location: 2F 2-1: Swinging Strike 2-2: Strikes out swinging
|
Batting: RHB Tony Valdez
|
0-0: Called Strike 0-1: Ground out 6-3 (Groundball, 6, EV 86.2 MPH)
|
Bottom of the 1st over - 0 runs, 0 hits, 0 errors, 0 left on base; Mississippi State University 0 - Florida State University 0 |
TOP OF THE 2ND |
Mississippi State University Bulldogs batting - Pitching for Florida State University Seminoles : RHP Barrett Bishop
|
Batting: SHB Jim Rutherford
|
0-0: Ball 1-0: Ball 2-0: Called Strike 2-1: Foul Ball, location: 2F 2-2: Ball 3-2: Base on Balls
|
Batting: RHB Josh Simmons
|
0-0: Foul Ball, location: 2F 0-1: DOUBLE (Line Drive, 9LM, EV 109.4 MPH) Jim Rutherford to third
|
Batting: RHB Masahito Sunada
|
0-0: Called Strike 0-1: Foul Ball, location: 2F 0-2: Fly out, F7 (Line Drive, 7LM, EV 106.9 MPH) Runner from 3rd tags up, OUT at HOME! 7-2 Josh Simmons to third
|
Batting: RHB Eric Riley
|
0-0: Ball 1-0: Swinging Strike 1-1: Ball 2-1: Fly out, F8 (Line Drive, 8LD, EV 103.1 MPH)
|
Top of the 2nd over - 0 runs, 1 hit, 0 errors, 1 left on base; Mississippi State University 0 - Florida State University 0 |
BOTTOM OF THE 2ND |
Florida State University Seminoles batting - Pitching for Mississippi State University Bulldogs : LHP Jon Hoffman
|
Batting: LHB Kuang-an Liu
|
0-0: Ball 1-0: Ball 2-0: Swinging Strike 2-1: Called Strike 2-2: Ball 3-2: Strikes out swinging
|
Batting: RHB Johnny Sherwood
|
0-0: Foul Ball, location: 2F 0-1: Foul Ball, location: 2F 0-2: Strikes out swinging
|
Batting: LHB Jeff Shields
|
0-0: Ball 1-0: Ground out 6-3 (Groundball, 6, EV 85.0 MPH)
|
Bottom of the 2nd over - 0 runs, 0 hits, 0 errors, 0 left on base; Mississippi State University 0 - Florida State University 0 |
TOP OF THE 3RD |
Mississippi State University Bulldogs batting - Pitching for Florida State University Seminoles : RHP Barrett Bishop
|
Pitching: LHP Carlo Pond
|
|
Batting: RHB Logan Strassburg
|
0-0: Ball 1-0: Ball 2-0: Foul Ball, location: 2F 2-1: SOLO HOME RUN (Flyball, 7D, EV 109.4 MPH), Distance : 402 ft
|
Batting: RHB Karl Lukasiewicz
|
0-0: Ball 1-0: Swinging Strike 1-1: Ground out 4-3 (Groundball, 4, EV 103.8 MPH)
|
Batting: SHB Toshinori Shimabukuro
|
0-0: Ball 1-0: Called Strike 1-1: SINGLE (Line Drive, 9S, EV 109.4 MPH)
|
Batting: RHB Cody Ammann
|
0-0: Ball Toshinori Shimabukuro is caught stealing 2nd base 2-4 1-0: Ball 2-0: Ball 3-0: Base on Balls
|
Batting: RHB Benito Gonzales
|
0-0: Called Strike 0-1: Foul Ball, location: 2F 0-2: Strikes out swinging
|
Top of the 3rd over - 1 run, 2 hits, 0 errors, 1 left on base; Mississippi State University 1 - Florida State University 0 |
BOTTOM OF THE 3RD |
Florida State University Seminoles batting - Pitching for Mississippi State University Bulldogs : LHP Jon Hoffman
|
Batting: RHB George Smienk
|
0-0: Called Strike 0-1: Called Strike 0-2: Ball 1-2: Strikes out swinging
|
Batting: LHB Brian Clayton
|
0-0: Foul Ball, location: 2F 0-1: Ball 1-1: Swinging Strike 1-2: Foul Ball, location: 2F 1-2: Ball 2-2: Fly out, F8 (Line Drive, 8RM, EV 92.5 MPH)
|
Batting: SHB Jon Odle
|
0-0: Ball 1-0: Foul Ball, location: 2F 1-1: Swinging Strike 1-2: Ball 2-2: Ball 3-2: Ground out 6-3 (Groundball, 6S, EV 84.4 MPH)
|
Bottom of the 3rd over - 0 runs, 0 hits, 0 errors, 0 left on base; Mississippi State University 1 - Florida State University 0 |
TOP OF THE 4TH |
Mississippi State University Bulldogs batting - Pitching for Florida State University Seminoles : LHP Carlo Pond
|
Batting: SHB Jim Rutherford
|
0-0: Called Strike 0-1: Ball 1-1: Fly out, F7 (Flyball, 7, EV 90.0 MPH)
|
Batting: RHB Josh Simmons
|
0-0: Ball 1-0: Called Strike 1-1: Swinging Strike 1-2: Ball 2-2: Foul Ball, location: 2F 2-2: Foul Ball, location: 2F 2-2: Ball 3-2: Ground out 6-3 (Groundball, 6, EV 106.2 MPH)
|
Batting: RHB Masahito Sunada
|
0-0: Fly out, F8 (Flyball, 8LM, EV 88.1 MPH)
|
Top of the 4th over - 0 runs, 0 hits, 0 errors, 0 left on base; Mississippi State University 1 - Florida State University 0 |
BOTTOM OF THE 4TH |
Florida State University Seminoles batting - Pitching for Mississippi State University Bulldogs : LHP Jon Hoffman
|
Batting: RHB Tyan-yu Chen
|
0-0: Ball 1-0: Swinging Strike 1-1: Ball 2-1: Ball 3-1: Called Strike 3-2: Base on Balls
|
Batting: RHB Shu-yaan Louis
|
0-0: Called Strike 0-1: SINGLE (Line Drive, 4D, EV 94.4 MPH) Tyan-yu Chen to second Runner from 2nd tries for 3rd, SAFE, no throw by RF
|
Batting: RHB Tony Valdez
|
0-0: Called Strike 0-1: Ball 1-1: Foul Ball, location: 2F 1-2: Ball 2-2: Grounds into double play, 6-4-3 (Groundball, 6, EV 109.4 MPH) Tyan-yu Chen scores
|
Batting: LHB Kuang-an Liu
|
0-0: Called Strike 0-1: Ball 1-1: Swinging Strike 1-2: Ball 2-2: Strikes out swinging
|
Bottom of the 4th over - 1 run, 1 hit, 0 errors, 0 left on base; Mississippi State University 1 - Florida State University 1 |
TOP OF THE 5TH |
Mississippi State University Bulldogs batting - Pitching for Florida State University Seminoles : LHP Carlo Pond
|
Pitching: RHP Danny Sabido
|
|
Batting: RHB Eric Riley
|
0-0: Called Strike 0-1: Ball 1-1: Ball 2-1: Swinging Strike 2-2: Ball 3-2: Fly out, F8 (Line Drive, 8RD, EV 90.6 MPH)
|
Batting: RHB Logan Strassburg
|
0-0: Called Strike 0-1: Fly out, F9 (Flyball, 89M, EV 88.8 MPH)
|
Batting: RHB Karl Lukasiewicz
|
0-0: Swinging Strike 0-1: Ball 1-1: Foul Ball, location: 2F 1-2: Foul Ball, location: 2F 1-2: Ball 2-2: Ball 3-2: Base on Balls
|
Pinch Hitting: LHB Tom Ploughman
|
0-0: Ball 1-0: DOUBLE (Line Drive, 89M, EV 99.4 MPH) Karl Lukasiewicz to third Runner from 3rd tries for Home, SAFE, throw by RF to trailing runner, SAFE at third!
|
Batting: RHB Cody Ammann
|
0-0: Ball 1-0: Ball 2-0: Ball 3-0: Called Strike 3-1: Called Strike 3-2: Reached on error, E6 (Groundball, 6, EV 80.6 MPH) Tom Ploughman scores
|
Batting: RHB Benito Gonzales
|
0-0: Ball 1-0: Foul Ball, location: 2F 1-1: Ball 2-1: Ground out 6-3 (Groundball, 6, EV 103.8 MPH)
|
Top of the 5th over - 2 runs, 1 hit, 1 error, 1 left on base; Mississippi State University 3 - Florida State University 1 |
BOTTOM OF THE 5TH |
Florida State University Seminoles batting - Pitching for Mississippi State University Bulldogs : LHP Jon Hoffman
|
Now at C: Oscar Vargas
|
|
Now at SS: Jun Qing
|
|
Now in LF: Shou-xin Ouyang
|
|
Now in RF: Jesse Hodges
|
|
Batting: RHB Johnny Sherwood
|
0-0: Ball 1-0: Foul Ball, location: 2F 1-1: Ball 2-1: Called Strike 2-2: Ball 3-2: Strikes out swinging, 2-3 out at first.
|
Batting: LHB Jeff Shields
|
0-0: Foul Ball, location: 2F 0-1: Ball 1-1: Swinging Strike 1-2: SINGLE (Groundball, 6D, EV 106.2 MPH)
|
Batting: RHB George Smienk
|
0-0: Ball 1-0: Called Strike Jeff Shields is caught stealing 2nd base 2-4 1-1: Called Strike 1-2: Strikes out swinging
|
Bottom of the 5th over - 0 runs, 1 hit, 0 errors, 0 left on base; Mississippi State University 3 - Florida State University 1 |
TOP OF THE 6TH |
Mississippi State University Bulldogs batting - Pitching for Florida State University Seminoles : RHP Danny Sabido
|
Now at 1B: John Welsh
|
|
Now in RF: Matt Stewart
|
|
Pinch Hitting: RHB Paulo Aubert
|
0-0: Ball 1-0: Ball 2-0: Called Strike 2-1: Called Strike 2-2: Ball 3-2: Foul Ball, location: 2F 3-2: Foul Ball, location: 2F 3-2: Strikes out swinging
|
Batting: SHB Shou-xin Ouyang
|
0-0: SINGLE (Line Drive, 6MD, EV 95.6 MPH)
|
Batting: RHB Rich Martinez
|
Pickoff Throw to First - Out! 1-3 CS 0-0: SINGLE (Groundball, 3D, EV 100.6 MPH)
|
Batting: RHB Oscar Vargas
|
0-0: Foul Ball, location: 2F 0-1: Foul Ball, location: 2F 0-2: Foul Ball, location: 2F 0-2: Ball 1-2: SINGLE (Line Drive, 8RS, EV 104.4 MPH) Rich Martinez to second
|
Pinch Hitting: RHB Jon Van Dam
|
0-0: Called Strike 0-1: Ball 1-1: Ball 2-1: Ground out 5-3 (Groundball, 56S, EV 90.0 MPH)
|
Top of the 6th over - 0 runs, 3 hits, 0 errors, 2 left on base; Mississippi State University 3 - Florida State University 1 |
BOTTOM OF THE 6TH |
Florida State University Seminoles batting - Pitching for Mississippi State University Bulldogs : LHP Jon Hoffman
|
Pitching: RHP Sa'ng Dai
|
|
Now at 2B: Ryan Muldoon
|
|
Now at 3B: Jun Qing
|
|
Now at SS: Freddie Kite
|
|
Batting: LHB Brian Clayton
|
0-0: Ball 1-0: Ball 2-0: Called Strike 2-1: Swinging Strike 2-2: Ball 3-2: Base on Balls
|
Batting: SHB Jon Odle
|
0-0: Ball 1-0: Swinging Strike 1-1: Ball Brian Clayton is caught stealing 2nd base 2-6 2-1: Foul Ball, location: 2F 2-2: Ground out 6-3 (Groundball, 6, EV 87.5 MPH)
|
Batting: RHB Jeff Blakeney
|
0-0: Foul Ball, location: 2F 0-1: Ball 1-1: Foul Ball, location: 2F 1-2: Strikes out swinging
|
Bottom of the 6th over - 0 runs, 0 hits, 0 errors, 0 left on base; Mississippi State University 3 - Florida State University 1 |
TOP OF THE 7TH |
Mississippi State University Bulldogs batting - Pitching for Florida State University Seminoles : RHP Danny Sabido
|
Pitching: RHP Jason Harper
|
|
Now at C: Bart Hall
|
|
Batting: RHB Karl Lukasiewicz
|
0-0: Foul Ball, location: 2F 0-1: Fly out, F8 (Flyball, 78M, EV 78.1 MPH)
|
Batting: RHB Jun Qing
|
0-0: Ball 1-0: Foul Ball, location: 2F 1-1: Ball 2-1: Ground out 5-3 (Groundball, 5, EV 79.4 MPH)
|
Batting: RHB Jesse Hodges
|
0-0: Foul Ball, location: 2F 0-1: Foul Ball, location: 2F 0-2: Ball 1-2: Strikes out swinging
|
Top of the 7th over - 0 runs, 0 hits, 0 errors, 0 left on base; Mississippi State University 3 - Florida State University 1 |
BOTTOM OF THE 7TH |
Florida State University Seminoles batting - Pitching for Mississippi State University Bulldogs : RHP Sa'ng Dai
|
Pinch Hitting: RHB J.R. Harvey
|
0-0: Foul Ball, location: 2F 0-1: SINGLE (Groundball, P, EV 88.1 MPH) (infield hit)
|
Batting: RHB Bart Hall
|
0-0: Ball J.R. Harvey is caught stealing 2nd base 2-4 1-0: Ball 2-0: Foul Ball, location: 2F 2-1: Called Strike 2-2: Strikes out looking
|
Batting: LHB Matt Stewart
|
0-0: Ball 1-0: Foul Ball, location: 2F 1-1: Ball 2-1: Fly out, F8 (Flyball, 8LXD, EV 87.5 MPH)
|
Bottom of the 7th over - 0 runs, 1 hit, 0 errors, 0 left on base; Mississippi State University 3 - Florida State University 1 |
TOP OF THE 8TH |
Mississippi State University Bulldogs batting - Pitching for Florida State University Seminoles : RHP Jason Harper
|
Now at 2B: Jon Odle
|
|
Now at SS: J.R. Harvey
|
|
Pinch Hitting: RHB Bill Petipas
|
0-0: Reached on error, E6 (Groundball, 56, EV 102.5 MPH)
|
Batting: RHB Freddie Kite
|
0-0: Called Strike 0-1: Foul Ball, location: 2F 0-2: Strikes out swinging
|
Batting: SHB Shou-xin Ouyang
|
0-0: Swinging Strike 0-1: Ball 1-1: Ball 2-1: Grounds into double play, 5-4-3 (Groundball, 5, EV 85.0 MPH)
|
Top of the 8th over - 0 runs, 0 hits, 1 error, 0 left on base; Mississippi State University 3 - Florida State University 1 |
BOTTOM OF THE 8TH |
Florida State University Seminoles batting - Pitching for Mississippi State University Bulldogs : RHP Sa'ng Dai
|
Pitching: RHP Esteban Vidal
|
|
Now at 1B: Tim Johnson
|
|
Batting: SHB John Welsh
|
0-0: Swinging Strike 0-1: Ground out 6-3 (Groundball, 6, EV 88.8 MPH)
|
Pinch Hitting: RHB Randy Bartlett
|
0-0: Called Strike 0-1: Called Strike 0-2: Strikes out swinging
|
Pinch Hitting: LHB John Doiron
|
0-0: Ball 1-0: Foul Ball, location: 2F 1-1: SINGLE (Groundball, 6M, EV 108.8 MPH)
|
Batting: LHB Brian Clayton
|
0-0: Fly out, F8 (Flyball, 8RM, EV 83.8 MPH)
|
Bottom of the 8th over - 0 runs, 1 hit, 0 errors, 1 left on base; Mississippi State University 3 - Florida State University 1 |
TOP OF THE 9TH |
Mississippi State University Bulldogs batting - Pitching for Florida State University Seminoles : RHP Jason Harper
|
Pitching: RHP Gerry Burrell
|
|
Now at 3B: Randy Bartlett
|
|
Now in LF: John Doiron
|
|
Batting: RHB Rich Martinez
|
0-0: Ball 1-0: Called Strike 1-1: Called Strike 1-2: Ball 2-2: Fly out, F7 (Line Drive, 7LM, EV 111.9 MPH)
|
Batting: RHB Oscar Vargas
|
0-0: Called Strike 0-1: Foul Ball, location: 2F 0-2: Ground out 4-3 (Groundball, 4, EV 88.1 MPH)
|
Batting: RHB Ryan Muldoon
|
0-0: Called Strike 0-1: Reached on error, E6 (Groundball, 6, EV 82.5 MPH)
|
Batting: RHB Karl Lukasiewicz
|
Pickoff Throw to First - Error! E1 Ryan Muldoon to second 0-0: Ball 1-0: Ball 2-0: Called Strike 2-1: Called Strike 2-2: Strikes out swinging
|
Top of the 9th over - 0 runs, 0 hits, 2 errors, 1 left on base; Mississippi State University 3 - Florida State University 1 |
BOTTOM OF THE 9TH |
Florida State University Seminoles batting - Pitching for Mississippi State University Bulldogs : RHP Esteban Vidal
|
Pitching: RHP Salvatore Caraballo
|
|
Batting: SHB Jon Odle
|
0-0: Ball 1-0: Ball 2-0: Ball 3-0: Called Strike 3-1: Swinging Strike 3-2: Ground out 6-3 (Groundball, 6M, EV 79.4 MPH)
|
Batting: RHB Jeff Blakeney
|
0-0: Ball 1-0: Called Strike 1-1: SINGLE (Groundball, 34D, EV 100.0 MPH)
|
Pinch Hitting: LHB Hastings Miller
|
0-0: Ball 1-0: Ball 2-0: SINGLE (Line Drive, 9LS, EV 108.8 MPH) Jeff Blakeney to second
|
Batting: RHB Bart Hall
|
0-0: Called Strike 0-1: Swinging Strike 0-2: Ball 1-2: SINGLE (Groundball, 6MS, EV 99.4 MPH) Jeff Blakeney to third Hastings Miller to second
|
Batting: LHB Matt Stewart
|
0-0: Swinging Strike 0-1: Ball 1-1: Called Strike 1-2: Strikes out looking
|
Batting: SHB John Welsh
|
0-0: Called Strike 0-1: Ball 1-1: Ball 2-1: Swinging Strike 2-2: Strikes out looking
|
Bottom of the 9th over - 0 runs, 3 hits, 0 errors, 3 left on base; Mississippi State University 3 - Florida State University 1 |
|